 Dungeon Crawl Stone Soup version 0.21-a0-221-gfe971b9 (webtiles) character file.

1337 Moloch the Spear-Bearer (level 8, -5/60 HPs)
             Began as a Mummy Fighter on Aug 25, 2017.
             Slain by Pikel
             ... wielding a +2 whip of electrocution
              (12 damage)
             ... on level 4 of the Dungeon.
             The game lasted 00:09:43 (4950 turns).

Moloch the Spear-Bearer (Mummy Fighter)             Turns: 4950, Time: 00:09:43

Health: -5/60      AC: 13    Str: 19    XL:     8   Next: 35%
Magic:  0/8        EV:  5    Int:  7    God:
Gold:   185        SH: 13    Dex: 14    Spells: 7/7 levels left

rFire    x . .     SeeInvis .   r - +0 whip (elec)
rCold    + . .     Gourm    .   f - +0 large shield
rNeg     + + +     Faith    .   b - +0 scale mail
rPois    ∞         Spirit   +   e - +0 helmet
rElec    .         Reflect  .   n - scarf {Spirit}
rCorr    .         Harm     .   (no gloves)
MR       +....                  d - +0 pair of boots
Stlth    ..........             (no amulet)
HPRegen  0.20/turn              c - +5 ring of protection
MPRegen  0.11/turn              g - +2 ring of slaying

@: no status effects
A: no food or potions, fire vulnerability, cold resistance 1, negative energy
resistance 3, torment resistance, unbreathing
a: no special abilities


You were on level 4 of the Dungeon.
You were not hungry.

You visited 1 branch of the dungeon, and saw 5 of its levels.

You collected 275 gold pieces.
You spent 90 gold pieces at shops.

Inventory:

Hand Weapons
 a - a +0 trident
 r - a +0 whip of electrocution (weapon)
Missiles
 q - a throwing net (quivered)
Armour
 b - a +0 scale mail (worn)
 d - a +0 pair of boots (worn)
 e - a +0 helmet (worn)
 f - a +0 large shield (worn)
 n - a scarf of spirit shield (worn)
Jewellery
 c - a +5 ring of protection (left hand)
 g - a +2 ring of slaying (right hand)
 h - an uncursed ring of resist corrosion
Scrolls
 i - 2 scrolls of enchant armour {unknown}
 j - 2 scrolls of identify {unknown}
 k - a scroll of teleportation {unknown}
 l - 2 scrolls of fog {unknown}
 m - 6 scrolls of remove curse {unknown}
 o - 2 scrolls of blinking {unknown}
 p - a scroll of immolation {unknown}
 s - a scroll of noise {unknown}


   Skills:
 + Level 4.0 Fighting
 + Level 8.4 Polearms
 - Level 2.4 Armour
 - Level 2.4 Shields


You had 7 spell levels left.
You didn't know any spells.

Dungeon Overview and Level Annotations

Branches:
Dungeon (5/15)
 Temple: D:4-7

Altars:
Ashenzari
Dithmenos
Vehumet
Wu Jian
Yredelemnul
The Shining One

Shops:
D:5 (

Annotations:
D:4 Pikel


Innate Abilities, Weirdness & Mutations

You do not eat or drink.
Your flesh is vulnerable to fire.
You are immune to poison.
Your flesh is cold resistant. (rC+)
You are immune to negative energy. (rN+++)
You are immune to unholy pain and torment.
You can survive without breathing.


Message History

Pikel is lightly wounded.
Pikel hits you but does no damage.
You are electrocuted!
* * * LOW HITPOINT WARNING * * *
Pikel hits you with a whip of electrocution.
* * * LOW HITPOINT WARNING * * *
You are too injured to fight recklessly!
You are too injured to fight recklessly!
You hit Pikel but do no damage. Lightning courses through Pikel!
Pikel is heavily wounded.
You block Pikel's attack.
You hit Pikel. Lightning courses through Pikel!
Pikel is almost dead.
Pikel hits you but does no damage.
You are electrocuted!
* * * LOW HITPOINT WARNING * * *
You closely miss Pikel.
Pikel is almost dead.
Pikel hits you with a whip of electrocution.
* * * LOW HITPOINT WARNING * * *
You are electrocuted!
You die...

......# #.#...........#..))......
......# #.#..#)######.#.####..###
......# #.#..#>#........#..#.<###
......# #.#..#.#......#.#.....#..
......# #.#.##.#....#..!#.K#.##.#
......# #....#.##.#.#...#s.#.##..
......# #....#.#...............<.
......# #[...#.###.####.#..#.####
......###>...'..@K......#.)#.#...
........).)..#.###..(.....##.#.##
#####........#.##............#.##
#.#####..#.###.###########.##
###'#####..#.###############.##
###.......#..#.................##
..'.......#..#################.##
###.......#..# #### #.......#..#
#


You could see Pikel.

Vanquished Creatures
  Edmund (D:5)
  Menkaure (D:5)
  An ice beast (D:5)
  4 slaves
  3 ogres (D:5)
  A phantom (D:5)
  2 scorpions (D:4)
  The ghost of epen the Conjurer, a weakling DrCj of Yredelemnul (D:3)
  A quasit (D:4)
  An orc priest (D:5)
  A bullfrog skeleton (D:5)
  Jessica (D:2)
  A worker ant (D:4)
  2 iguanas (D:4)
  4 orc wizards
  A hound skeleton (D:4)
  8 gnolls
  4 adders
  An ooze (D:2)
  An adder skeleton (D:3)
  A worm (D:3)
  A dart slug (D:1)
  5 leopard geckos
  9 orcs
  A bat (D:3)
  2 giant cockroaches
  8 goblins
  5 hobgoblins
  3 jackals (D:3)
  3 quokkas
  A ball python (D:3)
  7 frilled lizards
  8 kobolds
  A quokka skeleton (D:5)
  9 rats
104 creatures vanquished.

Vanquished Creatures (others)
  A rat (D:2)
1 creature vanquished.

Grand Total: 105 creatures vanquished

Notes
Turn   | Place    | Note
-------+----------+-------------------------------------------
     0 | D:1      | Moloch the Mummy Fighter began the quest for the Orb.
     0 | D:1      | Reached XP level 1. HP: 18/18 MP: 1/1
   306 | D:1      | Reached skill level 2 in Polearms
   313 | D:1      | Reached XP level 2. HP: 24/24 MP: 2/2
   695 | D:2      | Found an ornate altar of the Wu Jian Council.
   807 | D:2      | Found a glowing golden altar of the Shining One.
   818 | D:2      | Noticed Jessica
   831 | D:2      | Killed Jessica
   831 | D:2      | Reached skill level 3 in Polearms
   831 | D:2      | Reached XP level 3. HP: 29/29 MP: 3/3
   979 | D:2      | Found a faded altar of an unknown god.
  1071 | D:2      | Found a basalt altar of Yredelemnul.
  1191 | D:2      | Found a radiant altar of Vehumet.
  1257 | D:2      | Reached XP level 4. HP: 35/35 MP: 4/4
  1363 | D:3      | Noticed epen's ghost (weakling DrCj)
  1616 | D:3      | Found a shattered altar of Ashenzari.
  1647 | D:3      | Reached skill level 4 in Polearms
  1805 | D:3      | Killed epen's ghost
  1805 | D:3      | Reached XP level 5. HP: 20/41 MP: 3/5
  2518 | D:4      | Reached skill level 5 in Polearms
  2653 | D:4      | Reached XP level 6. HP: 36/47 MP: 3/6
  3136 | D:4      | Found a shadowy altar of Dithmenos.
  3231 | D:5      | Entered Level 5 of the Dungeon
  3253 | D:4      | Reached skill level 6 in Polearms
  3263 | D:5      | Found Wourgh's Weapon Boutique.
  3284 | D:5      | Noticed a slave
  3284 | D:5      | Noticed a slave
  3285 | D:5      | Noticed Pikel
  3291 | D:5      | Noticed a slave
  3553 | D:4      | Killed a slave
  3609 | D:4      | Killed a slave
  3622 | D:4      | Killed a slave
  3963 | D:5      | Bought a +0 whip of electrocution for 90 gold pieces
  4007 | D:4      | Reached XP level 7. HP: 45/52 MP: 5/7
  4220 | D:5      | Reached skill level 7 in Polearms
  4435 | D:5      | Noticed Edmund
  4448 | D:5      | Killed Edmund
  4668 | D:5      | Reached XP level 8. HP: 56/59 MP: 8/8
  4691 | D:5      | Reached skill level 8 in Polearms
  4742 | D:5      | Noticed Menkaure
  4748 | D:5      | Killed Menkaure
  4950 | D:4      | Slain by Pikel

Vault maps used:
D:1:      evilmike_arrival_plus, corexii_hall_statues_x
D:2:      fiery_altar_vehumet, lemuel_crystal_altar, marbit_many_paths,
          nicolae_overflow_crystal_walls, first_bread,
          chequers_ecumenical_altar_lobes, corexii_leaking_fountain,
          uniq_jessica
D:3:      cheibrodos_ashenzari_chains
D:4:      grunt_dithmenos_smoke_and_mirrors
D:5:      serial_shops, shop, eino_tiny_chamber, uniq_menkaure, uniq_edmund,
          uniq_pikel

Skill      XL: |  1  2  3  4  5  6  7  8 |
---------------+-------------------------+-----
Polearms       | 2 3 4 5 6 7 8 |  8.4
Fighting       | 4 |  4.0
Armour         | |  2.4
Shields        | |  2.4

Action                   |  1- 3 |  4- 6 |  7- 9 || total
-------------------------+-------+-------+-------++-------
Melee: Trident           |   106 |   286 |       ||   392
       Whip              |       |    26 |   109 ||   135
Armor: Scale mail        |    36 |   167 |    45 ||   248
Dodge: Dodged            |    21 |    56 |    16 ||    93
Block: Shield            |     3 |       |       ||     3
       Large shield      |    39 |   211 |    72 ||   322

Table legend:
 A = Spawn XP
 B = Non-spawn XP
 C = Spawn XP percentage of total XP
 D = Spawn monster count
 E = Non-spawn monster count
 F = Spawn count percentage of total count
 G = Total turns spent on level
                    A         B        C        D         E        F      G
               +---------+---------+-------+---------+---------+-------+---------
         Total |     391 |    1520 |  20.5 |      20 |      80 |  20.0 |  4950
               +---------+---------+-------+---------+---------+-------+---------
           D:1 |       7 |      16 |  30.4 |       4 |       9 |  30.8 |   635
           D:2 |      18 |      66 |  21.4 |       4 |      16 |  20.0 |   824
           D:3 |      16 |     131 |  10.9 |       6 |      20 |  23.1 |   919
           D:4 |     109 |     423 |  20.5 |       4 |      22 |  15.4 |  1718
           D:5 |     241 |     884 |  21.4 |       2 |      13 |  13.3 |   854
               +---------+---------+-------+---------+---------+-------+---------
